SAAA
ROYSE CITY TARGARYENS @ VERMONT LAKE MONSTERS
08/31/2032
 
TOP OF THE 1ST
Royse City Targaryens batting - Pitching for Vermont Lake Monsters : RHP Naozane Kobayashi
Pitching: RHP Naozane Kobayashi
Batting: LHB Chris Fitzgerald 0-0: Ball
1-0: Ball
2-0: Swinging Strike
2-1: Foul Ball, location: 2F
2-2: Ground out U3 (Groundball, 3)
Batting: LHB Jayden Laming 0-0: Ground out 3-1 (Groundball, 34)
Batting: LHB Gary Malone 0-0: Called Strike
0-1: Swinging Strike
0-2: Ball
1-2: Ground out 6-3 (Groundball, 6)
Top of the 1st over - 0 runs, 0 hits, 0 errors, 0 left on base; Royse City 0 - Vermont 0
BOTTOM OF THE 1ST
Vermont Lake Monsters batting - Pitching for Royse City Targaryens : LHP Earl Farley
Pitching: LHP Earl Farley
Batting: SHB Robert La Caze 0-0: Ball
1-0: Called Strike
1-1: Foul Ball, location: 2F
1-2: Foul Ball, location: 2F
1-2: Fly out, F1 (Line Drive, 13)
Batting: RHB Ramón Degollado 0-0: Ball
1-0: Ball
2-0: Fly out, F7 (Flyball, 78D)
Batting: LHB Manuel Núñez 0-0: Ball
1-0: Foul Ball, location: 2F
1-1: SINGLE (Line Drive, 89M)
Batting: RHB Kasper Schuilenberg 0-0: Swinging Strike
0-1: Ball
1-1: Ball
2-1: Foul Ball, location: 2F
2-2: Foul Ball, location: 2F
2-2: Fly out, F9 (Flyball, 9S)
Bottom of the 1st over - 0 runs, 1 hit, 0 errors, 1 left on base; Royse City 0 - Vermont 0
TOP OF THE 2ND
Royse City Targaryens batting - Pitching for Vermont Lake Monsters : RHP Naozane Kobayashi
Batting: LHB Joe Karnowski 0-0: Ball
1-0: DOUBLE (Flyball, 8LXD)
Batting: LHB Duk-yeo Chin 0-0: Called Strike
0-1: Foul Ball, location: 2F
0-2: Fly out, F5 (Line Drive, 5)
Batting: RHB Craig Greene 0-0: Ball
1-0: Ball
2-0: Called Strike
2-1: Ground out 5-3 (Groundball, 5)
Batting: LHB Fernando Ramírez 0-0: Ball
1-0: Ball
2-0: Foul Ball, location: 2F
2-1: Ball
3-1: Base on Balls
Batting: RHB José García 0-0: SINGLE (Line Drive, 4)
Joe Karnowski to third
Fernando Ramírez to second
Runner from 3rd tries for Home, SAFE, no throw
Batting: LHB Colin Worthington 0-0: Ball
1-0: Called Strike
1-1: Ground out U3 (Groundball, 3)
Top of the 2nd over - 1 run, 2 hits, 0 errors, 2 left on base; Royse City 1 - Vermont 0
BOTTOM OF THE 2ND
Vermont Lake Monsters batting - Pitching for Royse City Targaryens : LHP Earl Farley
Batting: LHB Carlos Germán 0-0: Called Strike
0-1: Foul Ball, location: 2F
0-2: Ball
1-2: Fly out, F8 (Flyball, 8LXD)
Batting: RHB José Vázquez 0-0: Ball
1-0: Swinging Strike
1-1: Called Strike
1-2: Ball
2-2: Strikes out swinging
Batting: RHB Showander Descarte 0-0: Ball
1-0: Swinging Strike
1-1: Ball
2-1: Swinging Strike
2-2: Ball
3-2: Strikes out swinging, 2-3 out at first.
Bottom of the 2nd over - 0 runs, 0 hits, 0 errors, 0 left on base; Royse City 1 - Vermont 0
TOP OF THE 3RD
Royse City Targaryens batting - Pitching for Vermont Lake Monsters : RHP Naozane Kobayashi
Batting: LHB Chris Fitzgerald 0-0: Ground out 5-3 (Groundball, 56)
Batting: LHB Jayden Laming 0-0: Called Strike
0-1: Ball
1-1: Called Strike
1-2: Ball
2-2: Strikes out swinging
Batting: LHB Gary Malone 0-0: Ball
1-0: Called Strike
1-1: Fly out, F6 (Line Drive, 6MD)
Top of the 3rd over - 0 runs, 0 hits, 0 errors, 0 left on base; Royse City 1 - Vermont 0
BOTTOM OF THE 3RD
Vermont Lake Monsters batting - Pitching for Royse City Targaryens : LHP Earl Farley
Batting: LHB Gilberto Jiménez 0-0: Called Strike
0-1: Ball
1-1: Swinging Strike
1-2: Ball
2-2: Fly out, F8 (Flyball, 78M)
Batting: RHB Cosmo Castanhedo 0-0: Ball
1-0: Ground out 3-1 (Groundball, 34S)
Batting: SHB Robert La Caze 0-0: Ball
1-0: Fly out, F7 (Flyball, 7LMF)
Bottom of the 3rd over - 0 runs, 0 hits, 0 errors, 0 left on base; Royse City 1 - Vermont 0
TOP OF THE 4TH
Royse City Targaryens batting - Pitching for Vermont Lake Monsters : RHP Naozane Kobayashi
Batting: LHB Joe Karnowski 0-0: SINGLE (Groundball, 6D)
Batting: LHB Duk-yeo Chin 0-0: Ball
1-0: Called Strike
1-1: Ball
2-1: SINGLE (Line Drive, 8RS)
Joe Karnowski to second
Batting: RHB Craig Greene 0-0: Fly out, F7 (Line Drive, 7D)
Batting: LHB Fernando Ramírez 0-0: Called Strike
0-1: Swinging Strike
0-2: Foul Ball, location: 2F
0-2: Ball
1-2: Strikes out swinging
Batting: RHB José García 0-0: Ball
Passed Ball!
Joe Karnowski to third
Duk-yeo Chin to second
1-0: Ground out 4-3 (Groundball, 34)
Top of the 4th over - 0 runs, 2 hits, 0 errors, 2 left on base; Royse City 1 - Vermont 0
BOTTOM OF THE 4TH
Vermont Lake Monsters batting - Pitching for Royse City Targaryens : LHP Earl Farley
Batting: RHB Ramón Degollado 0-0: Ball
1-0: Ball
2-0: Foul Ball, location: 2F
2-1: Ball
3-1: Foul Ball, location: 2F
3-2: SINGLE (Groundball, 5S) (infield hit)
Batting: LHB Manuel Núñez 0-0: Ball
1-0: Called Strike
Ramón Degollado steals 2nd base
1-1: Foul Ball, location: 2F
1-2: Ball
2-2: Ground out 4-3 (Groundball, 4)
Ramón Degollado to third
Batting: RHB Kasper Schuilenberg 0-0: Called Strike
0-1: Called Strike
0-2: Foul Ball, location: 2F
0-2: Ball
1-2: Foul Ball, location: 2F
1-2: Ball
2-2: Ball
3-2: Fly out, F8 (Flyball, 89M)
Runner from 3rd tags up, OUT at HOME
Bottom of the 4th over - 0 runs, 1 hit, 0 errors, 0 left on base; Royse City 1 - Vermont 0
TOP OF THE 5TH
Royse City Targaryens batting - Pitching for Vermont Lake Monsters : RHP Naozane Kobayashi
Batting: LHB Colin Worthington 0-0: Called Strike
0-1: Called Strike
0-2: Strikes out swinging
Batting: LHB Chris Fitzgerald 0-0: Called Strike
0-1: SINGLE (Groundball, 4MD)
Batting: LHB Jayden Laming 0-0: Ball
1-0: Foul Ball, location: 2F
1-1: Foul Ball, location: 2F
1-2: Fly out, F5 (Line Drive, 56)
Batting: LHB Gary Malone 0-0: Foul Ball, location: 2F
0-1: Ball
1-1: Foul Ball, location: 2F
1-2: Ball
2-2: SINGLE (Groundball, 4MD)
Chris Fitzgerald to second
Batting: LHB Joe Karnowski 0-0: Ball
1-0: Called Strike
1-1: Called Strike
1-2: Ball
2-2: Fly out, F8 (Flyball, 8RS)
Top of the 5th over - 0 runs, 2 hits, 0 errors, 2 left on base; Royse City 1 - Vermont 0
BOTTOM OF THE 5TH
Vermont Lake Monsters batting - Pitching for Royse City Targaryens : LHP Earl Farley
Batting: LHB Carlos Germán 0-0: SINGLE (Groundball, 34D)
Batting: RHB José Vázquez 0-0: Foul Ball, location: 2F
0-1: Foul Ball, location: 2F
0-2: Ball
1-2: Ball
2-2: SINGLE (Line Drive, 56D)
Carlos Germán to second
Batting: RHB Showander Descarte 0-0: Ball
1-0: Fly out, F6 (Popup, 6MS)
Batting: LHB Gilberto Jiménez 0-0: Called Strike
0-1: Ball
1-1: Swinging Strike
1-2: Strikes out looking
Batting: RHB Cosmo Castanhedo 0-0: Ball
1-0: Fly out, F9 (Flyball, 9S)
Bottom of the 5th over - 0 runs, 2 hits, 0 errors, 2 left on base; Royse City 1 - Vermont 0
TOP OF THE 6TH
Royse City Targaryens batting - Pitching for Vermont Lake Monsters : RHP Naozane Kobayashi
Batting: LHB Duk-yeo Chin 0-0: Called Strike
0-1: Swinging Strike
0-2: SINGLE (Flyball, 7LM)
Batting: RHB Craig Greene 0-0: Sac Bunt - play at first, batter OUT! 3-4
Duk-yeo Chin to second
Batting: LHB Fernando Ramírez 0-0: Fly out, F9 (Flyball, 89D)
Runner from 2nd tags up, SAFE at 3rd, no throw
Batting: RHB José García 0-0: Called Strike
0-1: Ball
1-1: Ball
2-1: Ball
3-1: Fly out, F3 (Popup, 3F)
Top of the 6th over - 0 runs, 1 hit, 0 errors, 1 left on base; Royse City 1 - Vermont 0
BOTTOM OF THE 6TH
Vermont Lake Monsters batting - Pitching for Royse City Targaryens : LHP Earl Farley
Batting: SHB Robert La Caze 0-0: Foul Ball, location: 2F
0-1: Ground out U3 (Groundball, 3)
Batting: RHB Ramón Degollado 0-0: Ball
1-0: Called Strike
1-1: Ball
2-1: Swinging Strike
2-2: Hit by Pitch
Batting: LHB Manuel Núñez 0-0: Foul Ball, location: 2F
0-1: Ball
1-1: Ball
2-1: Ball
3-1: Fly out, F4 (Popup, 4S)
Batting: RHB Kasper Schuilenberg 0-0: Ball
1-0: Ball
2-0: Called Strike
2-1: Foul Ball, location: 2F
2-2: Foul Ball, location: 2F
2-2: Ball
3-2: Base on Balls
Ramón Degollado to second
Batting: LHB Carlos Germán 0-0: Ball
1-0: Called Strike
1-1: Ball
2-1: Foul Ball, location: 2F
2-2: Ground out 4-3 (Groundball, 4D)
Bottom of the 6th over - 0 runs, 0 hits, 0 errors, 2 left on base; Royse City 1 - Vermont 0
TOP OF THE 7TH
Royse City Targaryens batting - Pitching for Vermont Lake Monsters : RHP Naozane Kobayashi
Batting: LHB Colin Worthington 0-0: Ball
1-0: Ball
2-0: Fly out, F9 (Flyball, 9S)
Batting: LHB Chris Fitzgerald 0-0: Called Strike
0-1: SOLO HOME RUN (Flyball, 9D), Distance : 385 ft
Batting: LHB Jayden Laming 0-0: Fly out, F8 (Flyball, 8LD)
Batting: LHB Gary Malone 0-0: Ball
1-0: Ball
2-0: Foul Ball, location: 2F
2-1: Foul Ball, location: 2F
2-2: Ball
3-2: Ground out 4-3 (Groundball, 34D)
Top of the 7th over - 1 run, 1 hit, 0 errors, 0 left on base; Royse City 2 - Vermont 0
BOTTOM OF THE 7TH
Vermont Lake Monsters batting - Pitching for Royse City Targaryens : LHP Earl Farley
Batting: RHB José Vázquez 0-0: Foul Ball, location: 2F
0-1: Ball
1-1: Ball
2-1: Called Strike
2-2: Strikes out swinging
Batting: RHB Showander Descarte 0-0: Ball
1-0: Ball
2-0: Reached on error, E6 (Groundball, 6)
Pitching: LHP Pedro Tavárez
Batting: LHB Gilberto Jiménez 0-0: Foul Ball, location: 2F
0-1: Grounds into double play, 6-4-3 (Groundball, 6)
Bottom of the 7th over - 0 runs, 0 hits, 1 error, 0 left on base; Royse City 2 - Vermont 0
TOP OF THE 8TH
Royse City Targaryens batting - Pitching for Vermont Lake Monsters : RHP Naozane Kobayashi
Batting: LHB Joe Karnowski 0-0: Fly out, F5 (Popup, 6)
Batting: LHB Duk-yeo Chin 0-0: Called Strike
0-1: SINGLE (Line Drive, 89S)
Batting: RHB Craig Greene 0-0: Ball
1-0: Foul Ball, location: 2F
1-1: Ball
2-1: Grounds into double play, 6-4-3 (Groundball, 6M)
Top of the 8th over - 0 runs, 1 hit, 0 errors, 0 left on base; Royse City 2 - Vermont 0
BOTTOM OF THE 8TH
Vermont Lake Monsters batting - Pitching for Royse City Targaryens : LHP Pedro Tavárez
Batting: RHB Cosmo Castanhedo 0-0: Called Strike
0-1: Foul Ball, location: 2F
0-2: Strikes out swinging
Batting: SHB Robert La Caze 0-0: SINGLE (Groundball, 6) (infield hit)
Batting: RHB Ramón Degollado 0-0: Swinging Strike
0-1: Foul Ball, location: 2F
0-2: Ball
1-2: Foul Ball, location: 2F
1-2: SINGLE (Line Drive, 56D)
Robert La Caze to second
Batting: LHB Manuel Núñez 0-0: Swinging Strike
0-1: Called Strike
0-2: Ball
1-2: Strikes out swinging
Pitching: RHP Manuel Torres
Batting: RHB Kasper Schuilenberg 0-0: Swinging Strike
0-1: Ball
1-1: SINGLE (Line Drive, 78S)
Robert La Caze to third
Ramón Degollado to second
Runner from 3rd tries for Home, SAFE, throw made home
Batting: LHB Carlos Germán 0-0: Foul Ball, location: 2F
0-1: Swinging Strike
0-2: Ball
1-2: Ball
2-2: Foul Ball, location: 2F
2-2: Foul Ball, location: 2F
2-2: Foul Ball, location: 2F
2-2: Ground out 4-3 (Groundball, 4)
Bottom of the 8th over - 1 run, 3 hits, 0 errors, 2 left on base; Royse City 2 - Vermont 1
TOP OF THE 9TH
Royse City Targaryens batting - Pitching for Vermont Lake Monsters : RHP Naozane Kobayashi
Batting: LHB Fernando Ramírez 0-0: Called Strike
0-1: Ball
1-1: Foul Ball, location: 2F
1-2: Ball
2-2: Foul Ball, location: 2F
2-2: Strikes out swinging
Batting: RHB José García 0-0: Foul Ball, location: 2F
0-1: SINGLE (Line Drive, 6M)
Batting: LHB Colin Worthington 0-0: Ball
1-0: Ball
2-0: Swinging Strike
2-1: Ball
3-1: Base on Balls
José García to second
Batting: LHB Chris Fitzgerald 0-0: Ball
1-0: Ball
2-0: Fly out, F9 (Line Drive, 9)
Pitching: RHP Jefferson Suhendro
Batting: LHB Jayden Laming 0-0: Foul Ball, location: 2F
0-1: Ball
1-1: Swinging Strike
1-2: Ball
2-2: Foul Ball, location: 2F
2-2: Ball
3-2: SINGLE (Line Drive, 4MD)
José García to third
Colin Worthington to second
José García scores
Colin Worthington to third
Batting: LHB Gary Malone 0-0: Called Strike
0-1: Ball
1-1: Swinging Strike
1-2: Ball
2-2: Foul Ball, location: 2F
2-2: Ground out 4-3 (Groundball, 4)
Top of the 9th over - 1 run, 2 hits, 0 errors, 2 left on base; Royse City 3 - Vermont 1
BOTTOM OF THE 9TH
Vermont Lake Monsters batting - Pitching for Royse City Targaryens : RHP Manuel Torres
Batting: RHB José Vázquez 0-0: Ball
1-0: Foul Ball, location: 2F
1-1: Ball
2-1: Ball
3-1: Ground out 6-3 (Groundball, 6)
Batting: RHB Showander Descarte 0-0: Called Strike
0-1: Ball
1-1: Ball
2-1: Foul Ball, location: 2F
2-2: Foul Ball, location: 2F
2-2: SINGLE (Groundball, 34S) (infield hit)
Batting: LHB Gilberto Jiménez 0-0: Ball
1-0: Ball
2-0: Foul Ball, location: 2F
2-1: Fly out, F9 (Flyball, 9)
Batting: RHB Cosmo Castanhedo 0-0: Foul Ball, location: 2F
0-1: Ball
1-1: Ground out 4-3 (Groundball, 4)
Bottom of the 9th over - 0 runs, 1 hit, 0 errors, 1 left on base; Royse City 3 - Vermont 1
Wednesday, September 19th, 2018 - OOTP Baseball 18.8 Build 76